 Dungeon Crawl Stone Soup version 0.21.1-1-g345015fe64 (webtiles) character file.

5847 Norrik the Carver (level 10, -3/93 HPs)
             Began as a Minotaur Monk on Apr 24, 2018.
             Was an Elder of Okawaru.
             Slain by an eight-headed hydra (7 damage)
             ... on level 9 of the Dungeon.
             The game lasted 00:30:53 (8058 turns).

Norrik the Carver (Minotaur Monk)                   Turns: 8058, Time: 00:30:53

Health: -3/93      AC: 19    Str: 19    XL:     10   Next: 51%
Magic:  11/11      EV:  7    Int:  7    God:    Okawaru [****..]
Gold:   447        SH:  0    Dex: 13    Spells: 9/9 levels left

rFire    . . .     SeeInvis .   J - +3 falchion (freeze)
rCold    + . .     Gourm    +   (no shield)
rNeg     + . .     Faith    .   D - +0 plate armour
rPois    .         Spirit   .   (helmet restricted)
rElec    .         Reflect  .   L - +2 cloak
rCorr    .         Harm     .   t - +0 pair of gloves
MR       .....                  (no boots)
Stlth    ..........             l - amulet of the gourmand
HPRegen  0.25/turn              p - ring of protection from cold
MPRegen  0.12/turn              u - ring of positive energy

@: no status effects
A: retaliatory headbutt, horns 2
a: Heroism, Renounce Religion


You were on level 9 of the Dungeon.
You worshipped Okawaru.
Okawaru was greatly pleased with you.
You were very full.

You visited 2 branches of the dungeon, and saw 10 of its levels.
You also visited: Ossuary.

You collected 447 gold pieces.

Inventory:

Hand Weapons
 J - a +3 falchion of freezing (weapon)
Missiles
 e - 4 javelins (quivered)
Armour
 t - a +0 pair of gloves (worn)
 D - a +0 plate armour (worn)
 L - a +2 cloak (worn)
Jewellery
 l - an amulet of the gourmand (around neck)
 p - a ring of protection from cold (left hand)
 u - a ring of positive energy (right hand)
Wands
 b - a wand of scattershot (3)
 B - a wand of polymorph (12)
 M - a wand of iceblast (10)
Scrolls
 a - a scroll of acquirement {unknown}
 d - a scroll of amnesia
 g - 2 scrolls of enchant armour {unknown}
 h - 2 scrolls of fear
 i - 4 scrolls of blinking
 k - 4 scrolls of remove curse
 o - 4 scrolls of identify
 v - a scroll of magic mapping
 x - 3 scrolls of teleportation
 y - a scroll of enchant weapon {unknown}
 H - a scroll of holy word {unknown}
Potions
 j - a potion of berserk rage
 m - 4 potions of might
 n - 3 potions of magic
 r - 3 potions of brilliance
 s - a potion of resistance {unknown}
 w - 2 potions of cancellation {unknown}
 z - 2 potions of agility {unknown}
 A - 2 potions of mutation
 E - a potion of flight {unknown}
 F - 4 potions of curing {unknown}
 G - 2 potions of degeneration {unknown}
 I - a potion of lignification {unknown}
 K - a potion of heal wounds
Comestibles
 c - 21 rations


   Skills:
 + Level 9.9 Fighting
 * Level 13.1 Long Blades
 + Level 9.2 Armour
 - Level 3.2 Dodging
 - Level 1.5 Stealth
 + Level 3.2 Invocations


You had 9 spell levels left.
You didn't know any spells.

Dungeon Overview and Level Annotations

Branches:
Dungeon (9/15)             Temple (1/1) D:4
   Lair: D:8-11         Orc: D:9-12

Altars:
Ashenzari
Cheibriados
Dithmenos
Elyvilon
Fedhas
Gozag
Hepliaklqana
Kikubaaqudgha
Makhleb
Nemelex Xobeh
Okawaru
Qazlal
Ru
Sif Muna
Trog
Uskayaw
Vehumet
Wu Jian
Xom
Zin
The Shining One


Innate Abilities, Weirdness & Mutations

You reflexively headbutt those who attack you in melee.
You have a pair of horns on your head.


Message History

Evoke which item? (* to show all) (? for menu, Esc to quit)
Aiming: Iceblast
Press: ? - help, Shift-Dir - straight line, f/p - eight-headed hydra
Aim: an eight-headed hydra (lightly wounded)
The mass of ice explodes!
The iceblast engulfs the eight-headed hydra.
The eight-headed hydra is moderately wounded.
You hear an angry hiss.
You hear a shout!
Things that are here:
a dagger; a warg skeleton An orc comes into view.
It is wielding a flail.
The orc shouts!
The orc throws a tomahawk.
The tomahawk closely misses you.
Items here: ((( ))))) [[ ÷÷÷÷ The eight-headed hydra bites you!
* * * LOW HITPOINT WARNING * * *
The eight-headed hydra misses you.
The eight-headed hydra closely misses you.
The eight-headed hydra bites you!
You die...

..#. #....##.÷÷........ ..#.
##.#.##.(#)..####
....#####>#.##..##.## #
...............##.#
....##.#####..##.# ###..#.#
#.o##.# ..#....# #..##.###
#.#.(..# #.......##
#.#(#..#####@.#.....###.#...
#)#.#(....)D)...>......h....
#†#(###########....####.....
#)#).# ##...# ... #)'..#
##(## . ..n..)#..# #.....o(S
#######..# #.....hK. ...#
#.#.K.... ##.# #.##.K...


You could see an eight-headed hydra and an orc.

Vanquished Creatures
  Psyche (D:7)
  2 hippogriffs
  A shadow (D:9)
  A spriggan (D:7)
  A wraith (D:9)
  3 wargs (D:9)
  An orc warrior (D:8)
  3 ice beasts
  A black bear (D:8)
  2 phantoms
  A sky beast (D:8)
  4 ogres
  A centaur (D:6)
  The ghost of CInkIbrahim the Poker, an amateur OpGl (D:3)
  3 big kobolds (D:9)
  6 bullfrogs
  A gnoll sergeant (D:6)
  10 scorpions
  8 killer bees
  7 wights (D:8)
  3 howler monkeys
  3 crimson imps (D:5)
  3 hounds
  3 centaur zombies (Ossuary)
  2 human zombies (Ossuary)
  A centaur skeleton (D:8)
  2 orc priests
  Crazy Yiuf (D:7)
  2 orc wizards
  Jessica (D:3)
  2 bullfrog skeletons
  2 iguanas
  Ijyb (D:4)
  3 worker ants
  A killer bee zombie (D:7)
  A big kobold zombie (Ossuary)
  A hound skeleton (D:8)
  3 worker ant zombies
  4 mummies
  11 gnolls
  4 scorpion zombies (Ossuary)
  10 adders
  4 shadow imps
  2 adder skeletons (D:6)
  2 worms (D:2)
  2 dart slugs (D:2)
  3 leopard geckos
  18 orcs
  3 ball pythons
  8 giant cockroaches
  8 goblins
  16 hobgoblins
  2 jackals (D:1)
  4 quokkas
  3 bats
  5 frilled lizards
  3 gnoll zombies (Ossuary)
  A goblin zombie (Ossuary)
  5 hobgoblin zombies
  23 kobolds
  A kobold zombie (Ossuary)
  A leopard gecko skeleton (D:8)
  A leopard gecko zombie (D:3)
  2 orc zombies
  2 quokka skeletons
  9 rats
250 creatures vanquished.

Vanquished Creatures (others)
  An orc zombie (Ossuary)
  A withered plant (D:9)
2 creatures vanquished.

Grand Total: 252 creatures vanquished

Notes
Turn   | Place    | Note
-------+----------+-------------------------------------------
     0 | D:1      | Norrik the Minotaur Monk began the quest for the Orb.
     0 | D:1      | Reached XP level 1. HP: 19/19 MP: 0/0
    21 | D:1      | Reached skill level 4 in Long Blades
    21 | D:1      | Reached XP level 2. HP: 19/27 MP: 1/1
   155 | D:1      | Reached skill level 1 in Armour
   434 | D:2      | Reached XP level 3. HP: 14/33 MP: 2/2
  1208 | D:2      | Reached skill level 5 in Long Blades
  1208 | D:2      | Reached XP level 4. HP: 30/41 MP: 3/3
  1547 | D:2      | Found a faded altar of an unknown god.
  1637 | D:3      | Reached XP level 5. HP: 41/47 MP: 4/4
  1848 | D:3      | Noticed CInkIbrahim's ghost (amateur OpGl)
  1902 | D:3      | Killed CInkIbrahim's ghost
  1902 | D:3      | Reached skill level 5 in Fighting
  1902 | D:3      | Reached skill level 6 in Long Blades
  1914 | D:3      | Noticed Jessica
  1924 | D:3      | Killed Jessica
  2084 | D:3      | Reached XP level 6. HP: 55/56 MP: 5/5
  2727 | D:4      | Found a staircase to the Ecumenical Temple.
  2736 | Temple   | Entered the Ecumenical Temple
  2914 | D:4      | Found a sand-covered staircase.
  2921 | Ossuary  | Entered an ossuary
  3069 | Ossuary  | Reached skill level 7 in Long Blades
  3153 | Ossuary  | Reached XP level 7. HP: 48/62 MP: 6/6
  3416 | Ossuary  | Reached skill level 8 in Long Blades
  3604 | Ossuary  | Reached skill level 5 in Armour
  4090 | D:4      | Reached XP level 8. HP: 71/71 MP: 7/7
  4100 | D:4      | Noticed Ijyb
  4118 | D:4      | Killed Ijyb
  4147 | D:4      | Found a blossoming altar of Fedhas.
  4322 | D:4      | Got a fine mace
  4323 | D:4      | Identified the +9 mace of Dividends {crush, Int+2 Dex+3} (You found it on level 4 of the Dungeon)
  4347 | D:5      | Entered Level 5 of the Dungeon
  4457 | D:5      | Reached skill level 9 in Long Blades
  4773 | D:5      | Found an opulent altar of Gozag.
  5336 | D:6      | Reached skill level 10 in Long Blades
  5773 | D:6      | Found a sacrificial altar of Ru.
  5823 | D:7      | Noticed a hippogriff
  5833 | D:7      | Killed a hippogriff
  5833 | D:7      | Reached XP level 9. HP: 75/81 MP: 8/8
  5899 | D:7      | Found an iron altar of Okawaru.
  5899 | D:7      | Found an opulent altar of Gozag.
  5900 | D:7      | Found a radiant altar of Vehumet.
  5906 | D:7      | Became a worshipper of Warmaster Okawaru
  5906 | D:7      | Reached * piety under Okawaru
  5906 | D:7      | Reached ** piety under Okawaru
  6037 | D:7      | Reached skill level 11 in Long Blades
  6077 | D:7      | Found a runed door.
  6338 | D:7      | Noticed Crazy Yiuf
  6343 | D:7      | Killed Crazy Yiuf
  6474 | D:8      | Noticed Psyche
  6596 | D:7      | Paralysed by Psyche for 3 turns
  6601 | D:7      | Killed Psyche
  7039 | D:8      | Reached skill level 12 in Long Blades
  7047 | D:8      | Reached *** piety under Okawaru
  7047 | D:8      | Reached skill level 1 in Invocations
  7186 | D:8      | Reached XP level 10. HP: 90/91 MP: 10/10
  7371 | D:8      | Found a shadowy altar of Dithmenos.
  7408 | D:8      | Found a radiant altar of Vehumet.
  7719 | D:9      | Reached **** piety under Okawaru
  7917 | D:9      | Reached skill level 13 in Long Blades
  7946 | D:9      | HP: 3/93 [ogre/giant spiked club (5)]
  7952 | D:9      | HP: 3/93 [poisoned by a killer bee]
  7982 | D:9      | Noticed an eight-headed hydra
  8058 | D:9      | HP: 4/93 [eight-headed hydra (10)]
  8058 | D:9      | Slain by an eight-headed hydra

Skill      XL: |  1  2  3  4  5  6  7  8  9 10 |
---------------+-------------------------------+-----
Long Blades    | 4 5 6 7 8 10 12 13 | 13.1
Armour         | 1 2 3 4 5 7 8 9 |  9.2
Fighting       | 4 5 6 8 9 |  9.9
Invocations    | 1 3 |  3.2
Dodging        | |  3.2
Stealth        | |  1.5

Action                   |  1- 3 |  4- 6 |  7- 9 | 10-12 || total
-------------------------+-------+-------+-------+-------++-------
Melee: Falchion          |    70 |       |    54 |   172 ||   296
       Headbutt          |    16 |    27 |    96 |    29 ||   168
       Short sword       |    14 |   177 |   332 |       ||   523
       Unarmed           |       |       |     2 |       ||     2
Throw: Javelin           |       |       |       |     1 ||     1
Invok: Heroism           |       |       |       |     2 ||     2
Evoke: Wand              |       |       |       |     2 ||     2
  Use: Potion            |     1 |       |       |       ||     1
       Scroll            |       |     8 |     5 |       ||    13
 Stab: Sleeping          |     3 |       |       |       ||     3
  Eat: Chunk             |       |     9 |    20 |     3 ||    32
Armor: Robe              |    13 |     1 |       |       ||    14
       Chain mail        |       |    80 |    46 |       ||   126
       Plate armour      |       |       |   167 |    86 ||   253
Dodge: Dodged            |    64 |    62 |   126 |    53 ||   305
       Rpst.: Falchion   |    14 |       |     9 |    16 ||    39
